 Dungeon Crawl Stone Soup version 0.16-a0-262-g6fc725f (webtiles) character file.

590829 flammableBen the Maledictor (level 26, -6/127 HPs)
             Began as a Spriggan Enchanter on Aug 4, 2014.
             Was a High Priest of Okawaru.
             Killed from afar by an orb of fire (19 damage)
             ... with a fireball
             ... on Level 5 of the Realm of Zot on Aug 25, 2014.
             The game lasted 09:17:03 (107993 turns).

flammableBen the Maledictor (Spriggan Enchanter)  Turns: 107993, Time: 09:17:03

HP  -6/127       AC  9     Str  6      XL: 26   Next: 20%
MP  25/42        EV 42     Int 27      God: Okawaru [*****.]
Gold 2560        SH 13     Dex 22      Spells: 14 memorised,  6 levels left

rFire  + + .     SeeInvis +     b - +9 quick blade (freeze)
rCold  + + .     Clarity  .     L - +2 robe {rC+ rF+}
rNeg   . . .     rCorr    .     T - +2 buckler of Jinuas {rPois MR+ Slay-1}
rPois  +         rRot     .     H - +0 hat of Sewei {rC+ Dex+4}
rElec  .         Spirit   .     J - +5 cloak of the Trout {Str+2 SInv}
SustAb .         Warding  .     (gloves unavailable)
rMut   +         Stasis   .     (boots unavailable)
Gourm  .                        U - amulet of resist mutation
MR     +++++                    q - +5 ring of slaying
                                E - ring of protection from fire

@: heroism, finesse, very quick, almost entirely resistant to hostile
enchantments, uncannily stealthy
A: unfitting armour, see invisible, deformed body, herbivore 3, speed 3, low mp
1, slow metabolism 2
a: Heroism, Finesse, Renounce Religion
}: 3/15 runes: decaying, silver, gossamer


You were on level 5 of the Realm of Zot.
You worshipped Okawaru.
Okawaru was extremely pleased with you.
You were full.

You visited 10 branches of the dungeon, and saw 56 of its levels.
You visited 2 bazaars.
You also visited: Labyrinth and Ice Cave.

You collected 7126 gold pieces.
You spent 4566 gold pieces at shops.

Inventory:

Hand weapons
 a - the +6 cutlass "Prugivev" {antimagic, rPois}
   (You found it on level 3 of the Depths)

   It disrupts the flow of magical energy around spellcasters and certain
   magical creatures (including the wielder).
   It protects you from poison.
 b - a +9 quick blade of freezing (weapon)
Armour
 H - the +0 hat of Sewei (worn) {rC+ Dex+4}
   (Okawaru gifted it to you on level 5 of the Lair of Beasts)

   It affects your dexterity (+4).
   It protects you from cold.
 J - the +5 cloak of the Trout (worn) {Str+2 SInv}
   (You found it on level 3 of the Depths)

   It affects your strength (+2).
   It enhances your eyesight.
 L - a +2 robe of resistance (worn)
 T - the +2 buckler of Jinuas (worn) {rPois MR+ Slay-1}
   (You found it on level 3 of the Depths)

   It affects your accuracy and damage with ranged weapons and melee attacks
   (-1).
   It protects you from poison.
   It affects your resistance to hostile enchantments.
Magical devices
 h - a wand of teleportation (4)
 m - a wand of hasting (4)
 p - a wand of heal wounds (3)
 r - a wand of teleportation (5)
 v - a wand of cold (1)
 N - a wand of teleportation (5)
 S - a wand of fireball (4)
 W - a wand of teleportation (1)
Comestibles
 k - 2 bread rations
Scrolls
 f - 2 scrolls of blinking
 g - 3 scrolls of fog
 i - 15 scrolls of identify
 t - 5 scrolls of magic mapping
 w - 4 scrolls of silence
 x - 2 scrolls of summoning
 A - a scroll of amnesia
 F - 8 scrolls of fear
 K - 3 scrolls of recharging
 M - 4 scrolls of teleportation
 Q - 23 scrolls of remove curse
 X - 4 scrolls of vulnerability
 Z - 2 scrolls of holy word
Jewellery
 q - a +5 ring of slaying (right hand)
 E - a ring of protection from fire (left hand)
 O - an uncursed amulet of clarity
 U - an amulet of resist mutation (around neck)
Potions
 d - 4 potions of porridge
 j - 14 potions of curing
 l - 2 potions of berserk rage
 o - 11 potions of brilliance
 s - 8 potions of magic
 u - 5 potions of might
 z - 3 potions of cancellation
 B - 4 potions of flight
 C - 3 potions of resistance
 D - 5 potions of agility
 G - 3 potions of haste
 R - 4 potions of invisibility
Miscellaneous
 c - a box of beasts
 e - a crystal ball of energy
 n - a stone of tremors
 y - a fan of gales
 P - a phial of floods
 V - a disc of storms
 Y - a lamp of fire


   Skills:
 - Level 9.3(14.3) Fighting
 - Level 15.0(20.0) Short Blades
 - Level 21.0(26.0) Dodging
 * Level 22.6(27) Stealth
 - Level 9.6(14.6) Shields
 - Level 19.0 Spellcasting
 - Level 25.5 Hexes
 - Level 18.3 Charms
 - Level 17.0 Translocations
 - Level 6.9 Air Magic
 - Level 10.0 Invocations
 - Level 20.1 Evocations


You had 6 spell levels left.
You knew the following spells:

 Your Spells              Type           Power        Failure   Level  Hunger
a - Enslavement           Hex            ########     0%          4    None
b - Ensorcelled Hibernat  Hex/Ice        ######       0%          2    None
c - Confuse               Hex            ########     0%          3    None
d - Dazzling Spray        Conj/Hex       #######.     1%          3    None
e - Spectral Weapon       Hex/Chrm       #######.     0%          3    None
f - Tukima's Dance        Hex            ########     0%          3    None
g - Blink                 Tloc           N/A          0%          2    None
h - Deflect Missiles      Chrm/Air       #######...   1%          6    ##.....
i - Invisibility          Hex            ########     1%          6    ##.....
j - Mass Confusion        Hex            ########..   1%          6    ##.....
k - Silence               Hex/Air        #######...   1%          5    None
l - Controlled Blink      Tloc           N/A          1%          7    ####...
m - Haste                 Chrm           #######.     1%          6    ##.....
n - Apportation           Tloc           #######...   0%          1    None


Dungeon Overview and Level Annotations

Branches:
Dungeon (15/15)            Temple (1/1) D:5             Orc (4/4) D:12
    Elf (3/3) Orc:3          Lair (8/8) D:10          Swamp (5/5) Lair:5
 Spider (5/5) Lair:3        Slime (0/6) Lair:8       Vaults (5/5) D:14
  Crypt (0/3) Vaults:3     Depths (5/5) D:15            Zot (5/5) Depths:5

Altars:
Ashenzari
Cheibriados
Dithmenos
Elyvilon
Fedhas
Gozag
Kikubaaqudgha
Makhleb
Nemelex Xobeh
Okawaru
Qazlal
Sif Muna
Trog
Vehumet
Xom
Yredelemnul
Zin
The Shining One
Lugonu

Shops:
D:10 *   D:11 [*:   D:12 [   Orc:4 %}[[   Elf:1 (?   Vaults:1 }   Vaults:2 *}?
Vaults:4 (*[?   Vaults:5 !!!??%%?!   Depths:5 ?}?

Portals:
Hell: Depths:1 Depths:2 Depths:3 Depths:4 Depths:5
Abyss: Depths:4 Depths:5
Pandemonium: Depths:2 Depths:3
Ziggurat: Depths:5

Annotations:
Vaults:1 exclusion: orange crystal statue
Depths:1 exclusion: hellion


Innate Abilities, Weirdness & Mutations

You are tiny and cannot use many weapons and most armour.
You have supernaturally acute eyesight.
You are a herbivore.
You cover ground extremely quickly.
You need consume almost no food.
Armour fits poorly on your strangely shaped body.
Your magical capacity is low (-10% MP).


Message History

You are too injured to fight recklessly!
Drink which item? (? for menu, Esc to quit)
You feel better.
The mottled draconian seems less confused.
The grey draconian seems less confused.
The orb of fire glows bright magenta.
The fireball explodes!
The fireball engulfs you! You resist.
* * * LOW HITPOINT WARNING * * *
The fireball engulfs the orb of fire.
The orb of fire completely resists.
The orb of fire glows bright magenta.
The bolt of fire misses you.
The mottled draconian throws a throwing net.
The throwing net completely misses you.
Read which item? (? for menu, Esc to quit)
Charge which item? (? for menu, Esc to quit)
As you read the scroll of recharging, it crumbles to dust.
Your wand of heal wounds (0) glows for a moment and now has 3 charges.
The orb of fire glows red.
The fireball explodes!
The fireball engulfs you! You resist.
You die...

** ########[########▓▓▓▓######
,** #......[).......# **,,,,,
,,** ##.............## **,,,,,,
,,,** #.............# **,,,...,
,,,,* ##...........## *,.......
,,,,* #...........# #....*...
,,,,* ##...........## #........
,,,,* #...d....(.)..# #........
,,,,* ##...d....@..(.## #.......p
,,,,*##........*......###........
.,,###...###########...###.......
..##y...## ##....##......
......### ###..^....... ▓▓▓▓▓▓#
#▓▓▓▓▓▓▓▓▓▓ ,,**** ****,,,,,,
,,,,,*** ***,,,,,,,,, ,,,,,,,**
**,,,,,,,,,,,


You could see an orb of fire, a mottled draconian and a grey draconian.

Vanquished Creatures
  3 ancient liches
  Saint Roka (Depths:1)
  2 curse toes
  Mara (Vaults:2)
  5 golden dragons
  3 Killer Klowns
  Jory (Depths:3)
  2 bone dragons (Depths:5)
  Nikola (Elf:1)
  3 liches
  Asterion (Swamp:4)
  7 Orb Guardians
  13 tentacled monstrosities
  3 quicksilver dragons (Depths:4)
  2 deep elf blademasters
  3 titans
  2 deep elf master archers (Elf:3)
  8 storm dragons
  An octopode crusher (Depths:3)
  Agnes (Vaults:1)
  Frances (D:14)
  5 sphinxes
  6 tengu reavers
  4 shadow dragons
  8 draconian monks
  An azure jelly (Swamp:5)
  9 ghost moths
  5 draconian scorchers
  Wiglaf (Swamp:5)
  9 vault wardens
  13 fire giants
  6 deep elf sorcerers
  17 frost giants
  Aizul (Elf:1)
  An iron dragon (Depths:4)
  3 orc warlords
  9 draconian zealots
  13 draconian knights
  16 very ugly things
  14 emperor scorpions
  17 stone giants
  4 spriggan defenders
  7 deep elf demonologists
  3 draconian annihilators
  A war gargoyle (Vaults:4)
  A draconian shifter (Zot:1)
  5 draconian callers
  A lorocyproca (Depths:3)
  4 vampire knights
  9 green draconians
  8 rakshasas
  16 grey draconians
  8 white draconians
  4 red draconians
  3 yellow draconians
  8 deep elf annihilators
  10 mottled draconians
  7 pale draconians
  10 purple draconians
  3 dire elephants
  7 black draconians
  A merfolk javelineer (Depths:5)
  Snorg (Lair:4)
  10 deep elf death magi
  21 yaktaur captains
  A merfolk impaler (Depths:5)
  A fire dragon (shapeshifter) (Vaults:5)
  12 ettins
  31 vault guards
  5 deep elf high priests
  Josephine (Orc:3)
  2 jiangshi (Depths:4)
  A green death (Depths:2)
  17 fire dragons
  5 minotaurs
  8 death cobs
  Fannar (Lair:2)
  8 ironheart preservers
  11 great orbs of eyes
  13 hydras
  23 ice dragons
  Nessos (Elf:1)
  Erica (Lair:2)
  13 ogre magi
  4 spriggan air magi
  7 alligators
  9 centaur warriors
  6 deep troll earth magi
  4 spriggan berserkers
  6 tengu warriors
  4 orc high priests (Orc:4)
  3 death yaks
  2 vampire magi
  11 deep troll shamans
  Urug (Orc:3)
  A soul eater (Depths:2)
  An ice devil (Depths:3)
  22 deep elf knights
  2 shadow wraiths
  9 iron trolls
  An infernal demonspawn (Depths:3)
  2 fire crabs
  29 deep trolls
  4 flayed ghosts
  3 large abominations (Depths:4)
  7 unseen horrors
  2 spriggan druids (Swamp:2)
  22 orb spiders
  7 hill giants
  8 giant orange brains
  A lindwurm (Lair:8)
  A quicksilver dragon simulacrum (Vaults:4)
  12 ironbrand convokers
  A lindwurm (shapeshifter) (Depths:4)
  4 necromancers
  3 ice statues
  5 harpies (Vaults:2)
  12 deep elf summoners
  Erolcha (Orc:3)
  A torturous demonspawn (Depths:3)
  2 swamp dragons (Swamp:2)
  A golden dragon skeleton (Vaults:4)
  A sphinx zombie (Depths:2)
  6 manticores
  4 orc sorcerers
  19 orc knights
  A wizard (Depths:3)
  A hellion (Depths:3)
  2 frost giant zombies (Depths:2)
  35 ugly things
  3 phantasmal warriors
  17 deep elf conjurers
  A salamander (Depths:1)
  24 moths of wrath
  47 wolf spiders
  12 red wasps
  7 griffons
  A sixfirhy (Elf:3)
  2 octopodes (shapeshifter)
  3 cyclopes
  A moth of wrath (shapeshifter) (Elf:3)
  24 elephants
  11 vault sentinels
  A guardian serpent (shapeshifter) (Elf:1)
  2 human skeletons
  Maurice (Orc:4)
  9 black mambas
  A manticore (shapeshifter) (Depths:3)
  A titan simulacrum (Depths:2)
  5 torpor snails
  21 spiny frogs
  A gargoyle (D:13)
  2 centaur skeletons
  4 iron devils
  5 komodo dragons
  A yaktaur zombie (Vaults:4)
  11 demonic crawlers
  39 yaktaurs
  A spiny frog (shapeshifter) (Vaults:3)
  3 blue devils
  A wandering mushroom (Zot:2)
  A hellwing (Depths:2)
  2 jumping spiders (shapeshifter) (Vaults:2)
  A merfolk (shapeshifter) (Elf:3)
  8 fire drakes
  2 red devils (Depths:1)
  3 polar bears
  15 deep elf priests
  8 trolls
  37 jumping spiders
  Sonja (Spider:1)
  26 two-headed ogres
  5 tengu conjurers
  7 bog bodies
  8 giant leeches
  22 blink frogs
  11 freezing wraiths
  Prince Ribbit (D:7)
  2 human zombies
  A raven (shapeshifter) (Vaults:1)
  17 ravens
  A human simulacrum (Vaults:4)
  12 boulder beetles
  A fire giant simulacrum (Vaults:4)
  5 basilisks
  2 blink frogs (shapeshifter)
  6 shadows
  42 slime creatures
  14 water elementals
  A griffon zombie (D:14)
  27 tarantellas
  A ynoxinul (Elf:3)
  2 air elementals (Depths:5)
  60 redbacks
  2 wraiths
  A human (shapeshifter) (Depths:1)
  An ettin skeleton (Vaults:3)
  55 yaks
  28 trapdoor spiders
  A trapdoor spider (shapeshifter) (Elf:3)
  A spriggan (shapeshifter) (Vaults:3)
  12 spriggans
  A neqoxec (Depths:2)
  A hippogriff (shapeshifter) (Depths:2)
  2 vampires (Depths:1)
  A yaktaur simulacrum (Vaults:3)
  33 deep elf magi
  Grum (Orc:3)
  A swamp worm simulacrum (Swamp:5)
  3 wyverns
  7 hippogriffs
  A chaos spawn (Depths:4)
  2 steam dragons
  3 mottled dragons
  2 elf skeletons
  33 deep elf fighters
  2 hungry ghosts
  A hill giant skeleton (D:12)
  6 wargs
  A deep troll zombie (Vaults:4)
  10 vampire mosquitoes
  25 swamp worms
  Menkaure (D:7)
  11 porcupines
  14 wolves
  A warg (shapeshifter) (Vaults:2)
  8 small abominations (Depths:4)
  A soldier ant (shapeshifter) (Elf:2)
  15 hydra simulacra (Swamp:5)
  53 orc warriors
  22 water moccasins
  10 ice beasts
  5 black bears
  6 necrophages
  20 spiders
  17 yellow wasps
  A soldier ant (D:11)
  4 phantoms
  A sky beast (shapeshifter) (Elf:2)
  2 swamp drakes
  6 sky beasts
  4 boggarts
  7 centaurs
  3 lost souls (Elf:3)
  67 ogres
  4 big kobolds
  5 brain worms (Lair:8)
  Duvessa (D:7)
  17 crocodiles
  23 giant frogs
  2 gnoll sergeants
  8 scorpions
  9 insubstantial wisps (Swamp:3)
  A hippogriff zombie (D:7)
  A cyclops skeleton (D:9)
  An eye of draining (D:14)
  2 elf zombies
  2 vampire bats (D:3)
  10 electric eels
  19 killer bees
  9 wights
  2 goliath beetles
  11 crimson imps
  Dowan (D:7)
  8 jellies
  35 orc priests
  An iron imp (Depths:3)
  A giant frog skeleton (D:12)
  2 gnoll shamans
  15 hounds
  A basilisk zombie (D:15)
  3 two-headed ogre zombies
  5 orange rats
  13 iguanas
  A two-headed ogre skeleton (D:11)
  40 orc wizards
  11 worker ants
  21 sheep
  2 big kobold zombies (D:7)
  Jessica (D:2)
  An ogre skeleton (D:10)
  A hound skeleton (D:6)
  A steam dragon zombie (D:8)
  A worker ant zombie (D:9)
  26 adders
  23 gnolls
  35 green rats
  5 shadow imps
  A worm (shapeshifter) (Depths:5)
  A giant mite (Spider:1)
  11 white imps
  19 worms
  5 ufetubi (IceCv)
  2 swamp drake simulacra (Swamp:5)
  An iguana skeleton (D:6)
  An adder zombie (D:8)
  7 giant geckos
  192 orcs
  4 bat skeletons (D:3)
  2 bat zombies (D:3)
  4 giant cockroaches
  13 goblins
  26 hobgoblins
  11 jackals
  38 kobolds
  3 oozes
  9 quokkas
  24 bats
  7 giant newts
  3 giant spores
  An orc simulacrum (Orc:3)
  3 orc skeletons
  3 orc zombies (Orc:3)
  14 rats
  2 ballistomycetes (D:7)
  2 crawling corpses (Vaults:2)
  A fungus (Elf:2)
  2 plants
2742 creatures vanquished.

Vanquished Creatures (collateral kills)
  A deep elf blademaster (Elf:3)
  A thorn hunter (Swamp:3)
  An iron dragon (Depths:4)
  A deep elf sorcerer (Elf:3)
  2 deep elf death magi (Elf:3)
  A shambling mangrove (Swamp:1)
  2 orb spiders (Spider:1)
  An air elemental (Elf:3)
  A red wasp (Swamp:1)
  A gargoyle (D:14)
  A giant leech (Swamp:1)
  A troll (D:10)
  A bog body (Swamp:5)
  A raven (Swamp:1)
  A yak (Lair:3)
  A swamp worm (Swamp:3)
  A quasit (D:10)
  2 orcs (D:12)
  A kobold (D:10)
  A fungus (Lair:7)
23 creatures vanquished.

Vanquished Creatures (others)
  A jiangshi (Depths:4)
  3 spectral weapons
  2 orb spiders
  4 water elementals
  A cyclops (D:15)
  A fire elemental (Elf:3)
  5 air elementals
  4 jumping spiders
  A slime creature (D:14)
  2 earth elementals (Depths:5)
  3 redbacks
  2 dancing weapons
  2 trapdoor spiders
  2 swamp worms (Swamp:5)
  A boggart (Depths:2)
  4 lost souls (Elf:3)
  A big kobold (D:10)
  A human skeleton (Vaults:4)
  An iguana (D:14)
  A white imp (IceCv)
  3 ufetubi
  A giant spore (D:15)
  2 kobolds (D:10)
  A briar patch (Swamp:3)
  5 fungi
  10 plants
64 creatures vanquished.

Grand Total: 2829 creatures vanquished

Notes
Turn   | Place    | Note
--------------------------------------------------------------
     0 | D:1      | flammableBen, the Spriggan Enchanter, began the quest for the Orb.
     0 | D:1      | Reached XP level 1. HP: 9/9 MP: 4/4
   190 | D:1      | Reached skill level 5 in Stealth
   366 | D:1      | Reached XP level 2. HP: 13/13 MP: 7/7
   863 | D:2      | Reached skill level 6 in Stealth
  1106 | D:2      | Learned a level 2 spell: Ensorcelled Hibernation
  1201 | D:2      | Reached XP level 3. HP: 16/16 MP: 6/9
  1221 | D:2      | Noticed Jessica
  1264 | D:2      | Killed Jessica
  1264 | D:2      | Reached skill level 7 in Stealth
  1491 | D:2      | Reached XP level 4. HP: 11/21 MP: 1/12
  2293 | D:2      | Learned a level 3 spell: Confuse
  2337 | D:3      | Reached skill level 8 in Stealth
  2885 | D:3      | Learned a level 3 spell: Dazzling Spray
  3029 | D:3      | Reached XP level 5. HP: 24/24 MP: 11/14
  3031 | D:3      | Found an ancient bone altar of Kikubaaqudgha.
  3038 | D:3      | Reached skill level 9 in Stealth
  3182 | D:3      | Found a deep blue altar of Sif Muna.
  3183 | D:3      | Found an iron altar of Okawaru.
  3187 | D:3      | Became a worshipper of Warmaster Okawaru
  3342 | D:4      | Reached skill level 10 in Stealth
  3898 | D:4      | Reached XP level 6. HP: 28/28 MP: 9/17
  4176 | D:4      | Reached skill level 5 in Hexes
  4299 | D:4      | Acquired Okawaru's first power
  4483 | D:5      | Entered Level 5 of the Dungeon
  4551 | D:5      | Reached XP level 7. HP: 32/32 MP: 16/19
  5222 | D:5      | Found a white marble altar of Elyvilon.
  5261 | D:5      | Found a shattered altar of Ashenzari.
  5266 | D:5      | Saw a vision of the Swamp and the Spider Nest.
  5266 | D:5      | Noticed an alligator
  5266 | D:5      | Noticed an alligator
  5266 | D:5      | Noticed an alligator
  5266 | D:5      | Noticed a redback
  5266 | D:5      | Noticed a redback
  5411 | D:5      | Found a staircase to the Ecumenical Temple.
  5418 | Temple   | Entered the Ecumenical Temple
  5996 | D:6      | Reached XP level 8. HP: 36/36 MP: 20/20
  6369 | D:6      | Reached skill level 5 in Short Blades
  6407 | D:6      | Found a white marble altar of Elyvilon.
  7108 | D:7      | Identified Khehox's Incunabulum of Torrid Conjuration (You found it on level 7 of the Dungeon)
  7230 | D:7      | Noticed Menkaure
  7299 | D:7      | Killed Menkaure
  7381 | D:7      | Noticed Prince Ribbit
  7387 | D:7      | Killed Prince Ribbit
  7387 | D:7      | Reached XP level 9. HP: 32/39 MP: 15/22
  8408 | D:7      | Noticed Duvessa
  8409 | D:7      | Noticed Dowan
  8412 | D:7      | Killed Dowan
  8417 | D:7      | Killed Duvessa
  8417 | D:7      | Reached skill level 10 in Short Blades
  8767 | D:7      | Reached skill level 11 in Short Blades
  8775 | D:7      | Upgraded the game from 0.16-a0-38-g23a437e to 0.16-a0-51-g3cd7026
  9177 | D:7      | Acquired Okawaru's second power
  9523 | D:8      | Got a faintly glowing quarterstaff
  9524 | D:8      | Identified the cursed +1 quarterstaff of Bloodstone {elec, +Blink +Fly} (You found it on level 8 of the Dungeon)
  9858 | D:8      | Received a gift from Okawaru
  9895 | D:8      | Reached skill level 12 in Short Blades
 10279 | D:8      | Reached XP level 10. HP: 31/44 MP: 2/24
 10322 | D:8      | Learned a level 4 spell: Enslavement
 10326 | D:8      | Learned a level 3 spell: Spectral Weapon
 10718 | D:9      | Found a shimmering altar of Xom.
 10873 | D:9      | Reached skill level 5 in Dodging
 11071 | D:9      | Reached skill level 5 in Spellcasting
 12127 | D:10     | Entered Level 10 of the Dungeon
 12192 | D:10     | Received a gift from Okawaru
 12636 | D:10     | Found a staircase to the Lair.
 12804 | D:10     | Found Ada Munna's Demolitions Depot.
 13202 | Lair:1   | Entered Level 1 of the Lair of Beasts
 13285 | Lair:1   | Received a gift from Okawaru
 13285 | Lair:1   | Reached XP level 11. HP: 44/47 MP: 23/31
 13369 | Lair:1   | Reached skill level 10 in Dodging
 13469 | Lair:1   | Reached skill level 1 in Evocations
 13769 | Lair:1   | Reached skill level 5 in Evocations
 14615 | Lair:2   | Received a gift from Okawaru
 14627 | Lair:2   | Got a steaming cutlass {god gift}
 14628 | Lair:2   | Identified the +9 cutlass "Ackamom" {freeze, +Inv rF+} (Okawaru gifted it to you on level 2 of the Lair of Beasts)
 15171 | Lair:2   | Noticed Erica
 15182 | Lair:2   | Killed Erica
 15182 | Lair:2   | Reached skill level 13 in Short Blades
 15184 | Lair:2   | Received a gift from Okawaru
 15195 | Lair:2   | Noticed a seven-headed hydra
 15460 | Lair:2   | Killed an eight-headed hydra
 15963 | Lair:2   | Learned a level 3 spell: Tukima's Dance
 15966 | Lair:2   | Learned a level 2 spell: Blink
 16080 | Lair:2   | Reached XP level 12. HP: 51/51 MP: 29/32
 16179 | Lair:2   | Reached skill level 14 in Short Blades
 16198 | Lair:2   | Received a gift from Okawaru
 16431 | Lair:2   | Noticed Fannar
 16440 | Lair:2   | Killed Fannar
 16777 | Lair:2   | Reached skill level 10 in Hexes
 16777 | Lair:2   | Reached skill level 5 in Charms
 16777 | Lair:2   | Reached skill level 10 in Evocations
 16777 | Lair:2   | Reached XP level 13. HP: 55/55 MP: 33/33
 17234 | Lair:3   | Reached skill level 15 in Short Blades
 17342 | Lair:3   | Received a gift from Okawaru
 17345 | Lair:3   | Got a shimmering hat {god gift}
 17352 | Lair:3   | Identified the +0 hat of Schengaon {Dex+3 Int+3 Curse} (Okawaru gifted it to you on level 3 of the Lair of Beasts)
 17668 | Lair:3   | Found a hole to the Spider Nest.
 18813 | Lair:4   | Noticed Snorg
 18832 | Lair:4   | Killed Snorg
 19529 | Lair:5   | Received a gift from Okawaru
 19532 | Lair:5   | Got a smoking hat {god gift}
 19619 | Lair:5   | Identified the +0 hat of Sewei {rC+ Dex+4} (Okawaru gifted it to you on level 5 of the Lair of Beasts)
 20553 | Lair:5   | Found a staircase to the Swamp.
 20560 | Lair:5   | Reached XP level 14. HP: 48/59 MP: 30/34
 20640 | Lair:5   | Reached skill level 15 in Stealth
 21052 | Lair:6   | Found a labyrinth entrance.
 21072 | Lab      | Entered a labyrinth
 21222 | Lab      | Identified Cigotuvi's Guide on Evil Rites
 21564 | Lair:6   | Reached skill level 15 in Evocations
 22143 | Lair:6   | Received a gift from Okawaru
 22146 | Lair:6   | Got a brightly glowing robe {god gift}
 22158 | Lair:6   | Identified the +1 robe of Schoches {Int+3} (Okawaru gifted it to you on level 6 of the Lair of Beasts)
 22428 | Lair:7   | Reached skill level 16 in Evocations
 23119 | Lair:7   | Reached skill level 17 in Evocations
 23502 | Lair:8   | Entered Level 8 of the Lair of Beasts
 24249 | Lair:8   | Received a gift from Okawaru
 24293 | Lair:8   | Found a staircase to the Slime Pits.
 25574 | D:11     | Found Alefupr Dafu's Antique Armour Shop.
 25615 | D:11     | Bought a wizard robe for 159 gold pieces
 25615 | D:11     | Bought a buckler for 126 gold pieces
 25634 | D:11     | Identified the cursed +0 robe of the Komtur {rC+ Stlth+} (You bought it in a shop on level 11 of the Dungeon)
 25687 | D:11     | Received a gift from Okawaru
 25690 | D:11     | Got a dull robe {god gift}
 25702 | D:11     | Identified the +2 robe "Tytirae" {Dex+2 SInv} (Okawaru gifted it to you on level 11 of the Dungeon)
 25737 | D:11     | Reached skill level 15 in Dodging
 25823 | D:11     | Reached XP level 15. HP: 52/63 MP: 10/36
 26089 | D:11     | Found Keok's General Store.
 26101 | D:11     | Bought a potion of curing for 28 gold pieces
 26109 | D:11     | Found Vuoheesoe's Book Boutique.
 26404 | D:12     | Reached skill level 1 in Shields
 26481 | D:12     | Found a staircase to the Orcish Mines.
 26483 | D:12     | Found Totas' Armour Emporium.
 28731 | D:10     | Bought a book of Air for 490 gold pieces
 28738 | D:10     | Learned a level 2 spell: Repel Missiles
 28912 | Orc:1    | Entered Level 1 of the Orcish Mines
 29041 | Orc:1    | Received a gift from Okawaru
 30018 | Orc:3    | Noticed Grum
 30222 | Orc:3    | Killed Grum
 30262 | Orc:3    | Reached skill level 5 in Shields
 30456 | Orc:3    | Found a staircase to the Elven Halls.
 30458 | Orc:3    | Noticed Urug
 30574 | Orc:3    | Noticed Josephine
 30593 | Orc:3    | Killed Urug
 30863 | Orc:3    | Killed Josephine
 30971 | Orc:3    | Noticed Erolcha
 30974 | Orc:3    | Killed Erolcha
 31128 | Orc:4    | Entered Level 4 of the Orcish Mines
 31651 | Orc:4    | Received a gift from Okawaru
 31654 | Orc:4    | Got a shimmering cloak {god gift}
 31670 | Orc:4    | Identified the -5 cloak of the Eagle {rC+ Dex-2} (Okawaru gifted it to you on level 4 of the Orcish Mines)
 31804 | Orc:4    | Noticed Maurice
 31974 | Orc:4    | Found a glowing silver altar of Zin.
 32136 | Orc:4    | Found Shuto's Armour Shoppe.
 32136 | Orc:4    | Found Mog Ohaz's Antique Armour Shoppe.
 32136 | Orc:4    | Found Sadafat's Gadget Emporium.
 32907 | Orc:4    | Found Precs' Food Emporium.
 32970 | Orc:4    | Bought a +0 buckler of protection for 149 gold pieces
 33482 | Orc:4    | Killed Maurice
 33836 | D:11     | Bought a book of Burglary for 1275 gold pieces
 34758 | D:14     | Received a gift from Okawaru
 34761 | D:14     | Got an encrusted cloak {god gift}
 34773 | D:14     | Identified the +1 cloak of Gluttony {Str-3} (Okawaru gifted it to you on level 14 of the Dungeon)
 35069 | D:14     | Noticed Frances
 35077 | D:14     | Killed Frances
 35836 | D:14     | Found a gate to the Vaults.
 35966 | D:14     | Reached XP level 16. HP: 49/67 MP: 0/36
 36471 | D:14     | Found a white marble altar of Elyvilon.
 36623 | D:15     | Entered Level 15 of the Dungeon
 37185 | D:15     | Found a gateway to a bazaar.
 37199 | Bazaar   | Entered a bazaar
 37216 | Bazaar   | Found Striuh's Gadget Shoppe.
 37216 | Bazaar   | Found Acaang's Armour Emporium.
 37259 | Bazaar   | Found Mnen's Book Shoppe.
 37541 | D:15     | Found a staircase to the Depths.
 37916 | Spider:1 | Entered Level 1 of the Spider Nest
 37990 | Lair:3   | Received a gift from Okawaru
 38008 | Lair:3   | Identified a scroll of acquirement
 38185 | Spider:1 | Noticed Sonja
 38558 | Spider:1 | Killed Sonja
 40239 | Spider:1 | Learned a level 6 spell: Invisibility
 40304 | Spider:2 | Reached skill level 1 in Fighting
 40329 | Spider:2 | Received a gift from Okawaru
 40378 | Spider:2 | Gained mutation: You passively map a small area around you. [potion of mutation]
 40378 | Spider:2 | Gained mutation: You tend to lose your temper in combat. [potion of mutation]
 40378 | Spider:2 | Gained mutation: You are partially covered in large bone plates (AC +2, SH +2). [potion of mutation]
 41044 | Spider:1 | Reached skill level 15 in Hexes
 41259 | Spider:1 | Lost mutation: You tend to lose your temper in combat. [potion of cure mutation]
 41259 | Spider:1 | Lost mutation: You passively map a small area around you. [potion of cure mutation]
 41259 | Spider:1 | Lost mutation: You are partially covered in large bone plates (AC +2, SH +2). [potion of cure mutation]
 41497 | Spider:2 | Reached XP level 17. HP: 64/79 MP: 34/37
 41785 | Spider:3 | Reached skill level 5 in Fighting
 41826 | Spider:3 | Received a gift from Okawaru
 41829 | Spider:3 | Got a crude robe {god gift}
 41841 | Spider:3 | Identified the +0 robe of Gallantry {Dex+3 Int+3} (Okawaru gifted it to you on level 3 of the Spider Nest)
 43809 | Spider:5 | Entered Level 5 of the Spider Nest
 44183 | Spider:5 | Received a gift from Okawaru
 44797 | Spider:5 | Learned a level 6 spell: Mass Confusion
 44998 | Spider:5 | Reached skill level 18 in Stealth
 45023 | Spider:5 | Got a gossamer rune of Zot
 45171 | Spider:5 | Received a gift from Okawaru
 45467 | Swamp:1  | Entered Level 1 of the Swamp
 45552 | Swamp:1  | Reached skill level 10 in Spellcasting
 45606 | Swamp:1  | Found a frozen archway.
 45691 | IceCv    | Entered an ice cave
 46713 | Swamp:1  | Reached XP level 18. HP: 90/90 MP: 35/38
 50104 | Swamp:4  | Noticed Asterion
 50123 | Swamp:4  | Killed Asterion
 50379 | Swamp:5  | Entered Level 5 of the Swamp
 50424 | Swamp:5  | Gained mutation: You possess an exceptional clarity of mind. [potion of mutation]
 50424 | Swamp:5  | Gained mutation: You have a beak for a mouth. [potion of mutation]
 50424 | Swamp:5  | Gained mutation: Space occasionally distorts in your vicinity. [potion of mutation]
 50469 | Swamp:5  | Noticed Wiglaf
 51028 | Swamp:5  | Received a gift from Okawaru
 51270 | Swamp:5  | Got a decaying rune of Zot
 51327 | Swamp:5  | Killed Wiglaf
 51638 | Lair:1   | Upgraded the game from 0.16-a0-51-g3cd7026 to 0.16-a0-110-ge8ded92
 51739 | Lair:1   | Lost mutation: Space occasionally distorts in your vicinity. [potion of cure mutation]
 51739 | Lair:1   | Lost mutation: You possess an exceptional clarity of mind. [potion of cure mutation]
 51739 | Lair:1   | Lost mutation: You have a beak for a mouth. [potion of cure mutation]
 52006 | Elf:1    | Entered Level 1 of the Elven Halls
 52006 | Elf:1    | Noticed Nessos
 52008 | Elf:1    | Killed Nessos
 52008 | Elf:1    | Reached skill level 1 in Translocations
 52433 | Elf:1    | Gained mutation: You occasionally shout uncontrollably at your foes. [potion of mutation]
 52433 | Elf:1    | Gained mutation: You have sharp toenails. [potion of mutation]
 52433 | Elf:1    | Gained mutation: Armour fits poorly on your strangely shaped body. [potion of mutation]
 52434 | Elf:1    | Gained mutation: You are partially covered in rugged brown scales (AC +1, +3% HP). [potion of mutation]
 52434 | Elf:1    | Gained mutation: Your mind is acute. (Int +2) [potion of mutation]
 52435 | Elf:1    | Lost mutation: Your mind is acute. (Int +2) [potion of cure mutation]
 52435 | Elf:1    | Lost mutation: You occasionally shout uncontrollably at your foes. [potion of cure mutation]
 52435 | Elf:1    | Lost mutation: You are partially covered in rugged brown scales (AC +1, +3% HP). [potion of cure mutation]
 52435 | Elf:1    | Lost mutation: You have sharp toenails. [potion of cure mutation]
 52437 | Elf:1    | Lost mutation: Armour fits poorly on your strangely shaped body. [potion of cure mutation]
 52447 | Elf:1    | Noticed Aizul
 52472 | Elf:1    | Found Firhat's Antique Weapon Boutique.
 52491 | Elf:1    | Killed Aizul
 52512 | Elf:1    | Found Dabuelon's Magic Scroll Shop.
 52690 | Elf:1    | Received a gift from Okawaru
 52693 | Elf:1    | Got a heavy robe {god gift}
 52707 | Elf:1    | Identified the +1 robe of Okawaru's Pride {Str+3 Int+5} (Okawaru gifted it to you on level 1 of the Elven Halls)
 52846 | Elf:1    | Noticed Nikola
 52850 | Elf:1    | Killed Nikola
 54157 | Elf:3    | Entered Level 3 of the Elven Halls
 54963 | Elf:3    | Reached skill level 19 in Stealth
 55284 | Elf:3    | Received a gift from Okawaru
 55284 | Elf:3    | Reached XP level 19. HP: 91/93 MP: 41/41
 55657 | Elf:3    | Reached skill level 20 in Stealth
 56078 | Elf:3    | Got a shimmering jade ring
 56108 | Elf:3    | Identified the ring "Trusted Companion" {+Inv Dex+3 Int-4 Stlth+} (You took it off a deep elf death mage on level 3 of the Elven Halls)
 57226 | Elf:3    | Gained mutation: You are dopey. (Int -2) [a shining eye]
 57781 | Elf:3    | Received a gift from Okawaru
 57782 | Elf:3    | Got a bloodstained robe {god gift}
 57870 | Elf:3    | Identified the +1 robe of the Gate {rPois rC++ MR+} (Okawaru gifted it to you on level 3 of the Elven Halls)
 57999 | Elf:3    | Was placed under penance by Okawaru
 58439 | Elf:3    | Reached skill level 5 in Translocations
 58722 | Lair:1   | Learned a level 5 spell: Silence
 58890 | Vaults:1 | Entered Level 1 of the Vaults
 59335 | Vaults:1 | Was forgiven by Okawaru
 59808 | Vaults:1 | Found Isteathro's Gadget Shoppe.
 60241 | Vaults:1 | Noticed Agnes
 60246 | Vaults:1 | Killed Agnes
 61301 | Vaults:2 | Received a gift from Okawaru
 61312 | Vaults:2 | Reached skill level 10 in Translocations
 61541 | Vaults:2 | Found Wufeoga's Assorted Antiques.
 61558 | Vaults:2 | Bought a thin metal-bound book for 465 gold pieces
 61558 | Vaults:2 | Bought a fuming black potion for 27 gold pieces
 61558 | Vaults:2 | Bought a shiny iron wand for 124 gold pieces
 61924 | Vaults:2 | Found Clenloesm's Gadget Emporium.
 61929 | Vaults:2 | Reached XP level 20. HP: 98/98 MP: 41/41
 62066 | Vaults:2 | Noticed Mara
 62083 | Vaults:2 | Killed Mara
 62233 | Vaults:2 | Found Psenen's Magic Scroll Boutique.
 62279 | Vaults:2 | Received a gift from Okawaru
 63098 | Vaults:3 | Found a staircase to the Crypt.
 63549 | Vaults:4 | Received a gift from Okawaru
 63653 | Vaults:4 | Found Bisomeah's Antique Weapon Shop.
 63901 | Vaults:4 | Found Phitraud's General Store.
 64333 | Vaults:4 | Found Hietat's Antique Armour Shoppe.
 64970 | Lair:1   | Learned a level 7 spell: Controlled Blink
 65745 | Vaults:4 | Reached skill level 15 in Translocations
 65974 | Vaults:4 | Received a gift from Okawaru
 65979 | Vaults:4 | Got a pitted arbalest {god gift}
 66038 | Vaults:4 | Found Baypp's Magic Scroll Boutique.
 66481 | D:11     | Bought a potion of restore abilities for 42 gold pieces
 66481 | D:11     | Bought a scroll of fear for 49 gold pieces
 67523 | Depths:1 | Entered Level 1 of the Depths
 67552 | Depths:1 | Got a faintly glowing hunting sling
 67553 | Depths:1 | Identified the +4 hunting sling of the Seeker {velocity, rElec rN+ Dex+4} (You found it on level 1 of the Depths)
 67864 | Depths:1 | Noticed Saint Roka
 67882 | Depths:1 | Killed Saint Roka
 68583 | Depths:1 | Found a gateway to Hell.
 69815 | Depths:1 | Received a gift from Okawaru
 69815 | Depths:1 | Reached skill level 15 in Spellcasting
 69823 | Depths:1 | Reached XP level 21. HP: 58/102 MP: 38/43
 71379 | Depths:2 | Received a gift from Okawaru
 71671 | Depths:2 | Found a one-way gate leading to the halls of Pandemonium.
 72791 | Depths:2 | Found a gateway to a bazaar.
 72902 | Bazaar   | Entered a bazaar
 72928 | Bazaar   | Found Retell's Distillery.
 72933 | Bazaar   | Bought 2 potions of heal wounds for 72 gold pieces
 72951 | Bazaar   | Found Twoful's Armour Shoppe.
 72983 | Bazaar   | Found Mauza's Antique Weapon Shoppe.
 72994 | Bazaar   | Found Kusat's Distillery.
 72999 | Bazaar   | Bought a potion of heal wounds for 33 gold pieces
 72999 | Bazaar   | Bought a potion of heal wounds for 33 gold pieces
 73006 | Bazaar   | Found Vanaijatz's Food Emporium.
 73850 | Depths:3 | Received a gift from Okawaru
 74033 | Depths:3 | Reached skill level 10 in Charms
 74063 | Depths:3 | Got a polished buckler
 74068 | Depths:3 | Got a brightly glowing robe
 74083 | Depths:3 | Identified the +2 buckler of Jinuas {rPois MR+ Slay-1} (You found it on level 3 of the Depths)
 74094 | Depths:3 | Identified the +0 robe of the Maze {+Blink rN+} (You found it on level 3 of the Depths)
 74814 | Lair:1   | Learned a level 6 spell: Deflect Missiles
 75156 | Vaults:5 | Entered Level 5 of the Vaults
 75623 | Vaults:4 | Received a gift from Okawaru
 75630 | Vaults:4 | Got a polished animal skin {god gift}
 75645 | Vaults:4 | Identified the -4 animal skin of Theunn {MR++} (Okawaru gifted it to you on level 4 of the Vaults)
 76151 | Vaults:5 | Reached XP level 22. HP: 107/107 MP: 18/45
 76729 | Vaults:5 | Found Talafun's Distillery.
 76733 | Vaults:5 | Bought 2 potions of heal wounds for 96 gold pieces
 76743 | Vaults:5 | Noticed an ancient lich
 76751 | Vaults:5 | Found Koskog's Magic Scroll Shoppe.
 76758 | Vaults:5 | Bought a scroll of teleportation for 51 gold pieces
 76758 | Vaults:5 | Bought a scroll of blinking for 127 gold pieces
 76767 | Vaults:5 | Found Fukie's Distillery.
 76767 | Vaults:5 | Found Blaicuph's Distillery.
 76801 | Vaults:5 | Reached skill level 15 in Charms
 76810 | Vaults:5 | Found Voyleas' Distillery.
 76845 | Vaults:5 | Found Vaengad's Magic Scroll Boutique.
 76885 | Vaults:5 | Killed an ancient lich
 76897 | Vaults:5 | Found Elaunuad's Food Boutique.
 76915 | Vaults:5 | Found Straig's Magic Scroll Shoppe.
 77112 | Vaults:5 | Found Ebraapt's Food Shoppe.
 78053 | Vaults:5 | Received a gift from Okawaru
 78164 | Vaults:5 | HP: 4/107 [titan/the air (22)]
 79275 | Vaults:5 | Got a silver rune of Zot
 80543 | Depths:3 | Reached skill level 1 in Air Magic
 80759 | Depths:3 | Received a gift from Okawaru
 81800 | Lair:1   | Learned a level 6 spell: Haste
 82133 | Depths:3 | Reached skill level 5 in Air Magic
 82219 | Depths:3 | Found an iron altar of Okawaru.
 82502 | Depths:3 | Got a warped cutlass
 82503 | Depths:3 | Identified the +6 cutlass "Prugivev" {antimagic, rPois} (You found it on level 3 of the Depths)
 82956 | Depths:3 | Got an ichor-stained cloak
 82968 | Depths:3 | Identified the +5 cloak of the Trout {Str+2 SInv} (You found it on level 3 of the Depths)
 83074 | Depths:4 | Noticed Jory
 85143 | Depths:4 | Found a one-way gate to the infinite horrors of the Abyss.
 85168 | Depths:4 | Reached XP level 23. HP: 90/111 MP: 26/46
 86669 | Depths:4 | Gained mutation: Your spells are a little easier to cast, but a little less powerful. [a shining eye]
 86882 | Depths:4 | Received a gift from Okawaru
 87173 | Depths:4 | Reached skill level 21 in Dodging
 87539 | Depths:3 | Killed Jory
 88143 | D:14     | Gained mutation: Armour fits poorly on your strangely shaped body. [potion of mutation]
 88143 | D:14     | Gained mutation: Your body is slowly deteriorating. [potion of mutation]
 88143 | D:14     | Gained mutation: You are clumsy. (Dex -2) [potion of mutation]
 88144 | D:14     | Lost mutation: Armour fits poorly on your strangely shaped body. [potion of cure mutation]
 88144 | D:14     | Lost mutation: Your body is slowly deteriorating. [potion of cure mutation]
 88144 | D:14     | Lost mutation: You are dopey. (Int -2) [potion of cure mutation]
 88144 | D:14     | Lost mutation: You are clumsy. (Dex -2) [potion of cure mutation]
 89012 | Depths:4 | Upgraded the game from 0.16-a0-110-ge8ded92 to 0.16-a0-113-gc8d9654
 90665 | Depths:4 | Got a brightly glowing hat
 90725 | Depths:4 | Identified the +2 hat "Feboasy" {Dex+1 Int+3} (You found it on level 4 of the Depths)
 92093 | Depths:5 | Entered Level 5 of the Depths
 92834 | Depths:5 | Found a gateway to a ziggurat.
 93261 | Depths:5 | Found Fryackiu's Magic Scroll Shoppe.
 93264 | Depths:5 | Bought a scroll of acquirement for 1040 gold pieces
 93330 | Depths:5 | Received a gift from Okawaru
 93833 | Depths:5 | Found Diaxil's Gadget Emporium.
 94471 | Depths:5 | Found a gate to the Realm of Zot.
 94485 | Depths:5 | Received a gift from Okawaru
 94501 | Depths:5 | Reached XP level 24. HP: 50/118 MP: 31/46
 95698 | Depths:5 | Found Clacs' Magic Scroll Boutique.
 95709 | Depths:5 | Bought a scroll of blinking for 90 gold pieces
 95709 | Depths:5 | Bought a scroll of blinking for 90 gold pieces
 96910 | Zot:1    | Entered Level 1 of the Realm of Zot
 97071 | Zot:1    | Received a gift from Okawaru
 98177 | Zot:1    | Reached skill level 22 in Hexes
 99251 | Lair:1   | Learned a level 1 spell: Apportation
 99769 | Zot:2    | Received a gift from Okawaru
100113 | Zot:2    | Reached skill level 23 in Hexes
100359 | Zot:2    | Reached XP level 25. HP: 122/122 MP: 35/47
100446 | Zot:2    | Lost mutation: Your spells are a little easier to cast, but a little less powerful. [potion of cure mutation]
100553 | Zot:2    | Received a gift from Okawaru
100659 | Zot:3    | Got a twisted hat
100678 | Zot:3    | Identified the -2 hat "Lyovies" {MR+ Dex+1} (You found it on level 3 of the Realm of Zot)
101356 | Zot:3    | Reached skill level 24 in Hexes
101935 | Zot:4    | Found a corrupted altar of Lugonu.
102824 | Zot:4    | Reached skill level 25 in Hexes
102834 | Zot:4    | Received a gift from Okawaru
103206 | Zot:4    | Identified Sif Muna's Catalogue of Fire and Brimstone
103226 | Zot:4    | Identified Qunnoal's Incunabulum of the Zealot
103275 | Zot:4    | Reached skill level 1 in Invocations
103538 | Zot:4    | Reached skill level 5 in Invocations
103545 | Zot:4    | Received a gift from Okawaru
104006 | Zot:5    | Entered Level 5 of the Realm of Zot
104978 | Zot:5    | Reached skill level 10 in Invocations
105208 | Zot:5    | Gained mutation: Armour fits poorly on your strangely shaped body. [mutagenic glow]
105788 | Zot:5    | Noticed an orb of fire
106144 | Zot:4    | HP: 3/122 [deathcap/drain life[a curse toe] (14)]
106600 | Zot:4    | Upgraded the game from 0.16-a0-113-gc8d9654 to 0.16-a0-262-g6fc725f
107043 | Zot:5    | Gained mutation: Your magical capacity is low (-10% MP). [an orb of fire]
107204 | Zot:5    | Reached XP level 26. HP: 98/127 MP: 40/42
107247 | Zot:5    | Noticed an ancient lich
107258 | Zot:5    | Noticed an ancient lich
107318 | Zot:5    | Killed an ancient lich
107620 | Zot:5    | Killed an ancient lich
107620 | Zot:5    | Received a gift from Okawaru
107670 | Zot:5    | Noticed an orb of fire
107908 | Zot:5    | Noticed an orb of fire
107993 | Zot:5    | Killed from afar by an orb of fire

Action                   |  1- 3 |  4- 6 |  7- 9 | 10-12 | 13-15 | 16-18 | 19-21 | 22-24 | 25-27 || total
-------------------------+-------+-------+-------+-------+-------+-------+-------+-------+-------++-------
Melee: Dagger            |    75 |   116 |   219 |   240 |       |       |       |       |       ||   650
       Short sword       |       |     7 |    11 |       |       |       |       |       |       ||    18
       Quarterstaff      |       |       |    15 |       |       |       |       |       |       ||    15
       Cutlass           |       |       |       |    69 |  1265 |  1109 |       |       |       ||  2443
       Quick blade       |       |       |       |       |       |   358 |  1783 |  2111 |   795 ||  5047
 Cast: Ensorcelled Hiber |    12 |    59 |   122 |   169 |   383 |   112 |     2 |     3 |       ||   862
       Confuse           |       |     2 |    24 |    26 |   105 |   334 |   184 |   305 |    38 ||  1018
       Dazzling Spray    |       |       |    15 |    16 |   161 |   239 |   191 |   149 |    13 ||   784
       Spectral Weapon   |       |       |       |     5 |     6 |     2 |     1 |       |       ||    14
       Enslavement       |       |       |       |     2 |    17 |     5 |     1 |     2 |       ||    27
       Tukima's Dance    |       |       |       |       |    18 |     4 |     4 |       |       ||    26
       Repel Missiles    |       |       |       |       |     1 |     1 |     3 |     1 |       ||     6
       Invisibility      |       |       |       |       |       |     4 |     6 |    14 |    10 ||    34
       Blink             |       |       |       |       |       |     2 |       |       |     1 ||     3
       Mass Confusion    |       |       |       |       |       |     3 |   122 |    85 |     3 ||   213
       Haste             |       |       |       |       |       |       |       |     5 |     5 ||    10
       Deflect Missiles  |       |       |       |       |       |       |       |     2 |       ||     2
       Silence           |       |       |       |       |       |       |       |     1 |       ||     1
       Apportation       |       |       |       |       |       |       |       |     2 |       ||     2
       Controlled Blink  |       |       |       |       |       |       |       |     2 |       ||     2
Invok: Finesse           |       |       |       |       |       |       |       |       |     5 ||     5
       Heroism           |       |       |       |       |       |       |       |       |     2 ||     2
 Abil: Evoke Invisibilit |       |       |       |     2 |    12 |       |       |       |       ||    14
Evoke: Wand              |       |     1 |     4 |     7 |    36 |    35 |    19 |    11 |    16 ||   129
       Fan of gales      |       |       |       |     1 |       |     1 |     1 |     2 |       ||     5
       Sack of spiders   |       |       |       |       |       |     4 |     2 |     2 |       ||     8
       Lamp of fire      |       |       |       |       |       |       |     1 |       |       ||     1
       Crystal ball of e |       |       |       |       |       |       |     1 |       |       ||     1
       Phial of floods   |       |       |       |       |       |       |     1 |       |       ||     1
       Stone of tremors  |       |       |       |       |       |       |       |     4 |       ||     4
       Disc of storms    |       |       |       |       |       |       |       |     2 |       ||     2
  Use: Scroll            |       |     5 |    12 |     9 |    16 |    24 |    17 |    10 |     6 ||    99
       Potion            |       |       |       |     6 |     3 |    16 |     7 |    10 |     3 ||    45
 Stab: Sleeping          |    18 |    60 |    93 |   106 |   347 |   162 |    80 |    69 |    41 ||   976
       Confused          |       |     1 |     8 |    15 |    59 |   213 |   202 |   186 |    31 ||   715
       Distracted        |       |       |     2 |     3 |    10 |    12 |    12 |    12 |     3 ||    54
       Invisible         |       |       |     2 |     7 |   111 |    94 |    66 |   107 |    76 ||   463
       Held in net/web   |       |       |       |       |       |     1 |       |       |       ||     1
  Eat: Pizza             |       |     1 |     2 |     9 |     1 |     1 |     3 |       |     1 ||    18
       Bread ration      |       |     1 |     2 |       |     1 |     3 |     7 |     6 |     3 ||    23
       Fruit             |       |       |       |       |    14 |     3 |       |       |       ||    17
       Royal jelly       |       |       |       |       |     1 |     1 |     2 |       |       ||     4
